| TOP OF THE 1ST |
|
Auburn Red Stars batting - Pitching for Summit Red Dragons : RHP Mike Murphy
|
|
Pitching: RHP Mike Murphy
|
|
|
Batting: RHB Jose Rodriguez
|
0-0: Foul Ball, location: 2F 0-1: Ball 1-1: Ball 2-1: Called Strike 2-2: SINGLE (Line Drive, 5D, EV 100.0 MPH)
|
|
Batting: RHB Clemente Acuna
|
0-0: Called Strike 0-1: Reached on error, E6 (Groundball, 6S, EV 86.9 MPH) Jose Rodriguez to second
|
|
Batting: LHB Ricardo Perrez
|
0-0: Ball 1-0: Fielders Choice at 2nd, 4-6 (Groundball, 4, EV 83.8 MPH) Jose Rodriguez to third
|
|
Batting: RHB Alfredo Torres
|
0-0: Ball 1-0: Ball 2-0: Ball 3-0: Base on Balls Ricardo Perrez to second
|
|
Batting: LHB John Stefero
|
0-0: Ball 1-0: Ball 2-0: Ball 3-0: Base on Balls Jose Rodriguez scores Ricardo Perrez to third Alfredo Torres to second
|
|
Batting: RHB Steve McQueen
|
0-0: Ball 1-0: Ball 2-0: Ball 3-0: Base on Balls Ricardo Perrez scores Alfredo Torres to third John Stefero to second
|
|
Batting: LHB Luis Roman
|
0-0: Ball 1-0: Ball 2-0: Called Strike 2-1: Fly out, F8 (Flyball, 8RXD, EV 77.5 MPH) Runner from 3rd tags up, SCORES, no throw by CF John Stefero to third
|
|
Batting: RHB William Chamberlain
|
0-0: Ball 1-0: Ball 2-0: Ball 3-0: Base on Balls Steve McQueen to second
|
|
Batting: RHB Antonio Quevedo
|
0-0: Ball 1-0: Foul Ball, location: 2F 1-1: Called Strike 1-2: Ball 2-2: Ball 3-2: Fly out, F3 (Line Drive, 3, EV 71.3 MPH)
|
| Top of the 1st over - 3 runs, 1 hit, 1 error, 3 left on base; Auburn 3 - Summit 0 |
| BOTTOM OF THE 1ST |
|
Summit Red Dragons batting - Pitching for Auburn Red Stars : LHP Miguel Villalobos
|
|
Pitching: LHP Miguel Villalobos
|
|
|
Batting: RHB Dana Williams
|
0-0: Called Strike 0-1: Fly out, F8 (Flyball, 89D, EV 93.8 MPH)
|
|
Batting: RHB Kenneth Gordon
|
0-0: Ball 1-0: Ball 2-0: Ball 3-0: Base on Balls
|
|
Batting: SHB Mark T McLemore
|
0-0: Called Strike 0-1: Ball 1-1: Foul Ball, location: 2F 1-2: Foul Ball, location: 2F 1-2: Ball 2-2: Ball Kenneth Gordon is caught stealing 2nd base 2-4 3-2: Foul Ball, location: 2F 3-2: Base on Balls
|
|
Batting: RHB Kash Beauchamp
|
0-0: Called Strike 0-1: Ground out 5-3 (Groundball, 56S, EV 85.6 MPH)
|
| Bottom of the 1st over - 0 runs, 0 hits, 0 errors, 1 left on base; Auburn 3 - Summit 0 |
| TOP OF THE 2ND |
|
Auburn Red Stars batting - Pitching for Summit Red Dragons : RHP Mike Murphy
|
|
Batting: RHB Jose Rodriguez
|
0-0: Ball 1-0: Ball 2-0: Foul Ball, location: 2F 2-1: Foul Ball, location: 2F 2-2: Strikes out swinging
|
|
Batting: RHB Clemente Acuna
|
0-0: Ball 1-0: Swinging Strike 1-1: Ball 2-1: Ball 3-1: Base on Balls
|
|
Batting: LHB Ricardo Perrez
|
0-0: Ball Wild Pitch! Clemente Acuna to second 1-0: Ball 2-0: SINGLE (Groundball, 4MD, EV 100.0 MPH) Clemente Acuna to third Runner from 3rd tries for Home, SAFE, throw by CF to home
|
|
Batting: RHB Alfredo Torres
|
0-0: Ball 1-0: Called Strike 1-1: Fly out, F2 (Popup, 23F, EV 91.3 MPH)
|
|
Batting: LHB John Stefero
|
0-0: Called Strike 0-1: Ball 1-1: Swinging Strike 1-2: Strikes out swinging
|
| Top of the 2nd over - 1 run, 1 hit, 0 errors, 1 left on base; Auburn 4 - Summit 0 |
| BOTTOM OF THE 2ND |
|
Summit Red Dragons batting - Pitching for Auburn Red Stars : LHP Miguel Villalobos
|
|
Batting: RHB James Stassi
|
0-0: Ball 1-0: Fly out, F7 (Flyball, 7LS, EV 83.8 MPH)
|
|
Batting: RHB John Smith
|
0-0: Called Strike 0-1: Swinging Strike 0-2: Strikes out swinging
|
|
Batting: RHB Colacito Sanchez
|
0-0: Ball 1-0: Fly out, F9 (Flyball, 9LS, EV 73.1 MPH)
|
| Bottom of the 2nd over - 0 runs, 0 hits, 0 errors, 0 left on base; Auburn 4 - Summit 0 |
| TOP OF THE 3RD |
|
Auburn Red Stars batting - Pitching for Summit Red Dragons : RHP Mike Murphy
|
|
Batting: RHB Steve McQueen
|
0-0: Swinging Strike 0-1: Ball 1-1: SINGLE (Line Drive, 6M, EV 98.1 MPH)
|
|
Batting: LHB Luis Roman
|
0-0: Called Strike 0-1: Ball 1-1: Fly out, F8 (Flyball, 8RS, EV 87.5 MPH)
|
|
Batting: RHB William Chamberlain
|
0-0: Called Strike 0-1: Foul Ball, location: 2F 0-2: Grounds into double play, 6-4-3 (Groundball, 6, EV 98.8 MPH)
|
| Top of the 3rd over - 0 runs, 1 hit, 0 errors, 0 left on base; Auburn 4 - Summit 0 |
| BOTTOM OF THE 3RD |
|
Summit Red Dragons batting - Pitching for Auburn Red Stars : LHP Miguel Villalobos
|
|
Batting: LHB Brian McGan
|
0-0: Ball 1-0: Called Strike 1-1: Fly out, F6 (Flyball, 5D, EV 85.6 MPH)
|
|
Batting: RHB Howard Nichols
|
0-0: Ball 1-0: Called Strike 1-1: DOUBLE (Flyball, 8RXD, EV 94.4 MPH)
|
|
Batting: RHB Dana Williams
|
0-0: Ball 1-0: Ground out 6-3 (Groundball, 6, EV 76.9 MPH)
|
|
Batting: RHB Kenneth Gordon
|
0-0: Called Strike 0-1: Foul Ball, location: 2F 0-2: Ball 1-2: Ball 2-2: Fly out, F9 (Flyball, 9D, EV 88.8 MPH)
|
| Bottom of the 3rd over - 0 runs, 1 hit, 0 errors, 1 left on base; Auburn 4 - Summit 0 |
| TOP OF THE 4TH |
|
Auburn Red Stars batting - Pitching for Summit Red Dragons : RHP Mike Murphy
|
|
Batting: RHB Antonio Quevedo
|
0-0: Called Strike 0-1: Ball 1-1: Called Strike 1-2: Reached on error, E5 (Groundball, 56S, EV 83.1 MPH)
|
|
Batting: RHB Jose Rodriguez
|
0-0: Called Strike 0-1: Ball 1-1: Ball 2-1: Ball 3-1: Grounds into double play, 5-4-3 (Groundball, 56, EV 84.4 MPH)
|
|
Batting: RHB Clemente Acuna
|
0-0: Ball 1-0: Called Strike 1-1: Ball 2-1: Ball 3-1: Foul Ball, location: 2F 3-2: Base on Balls
|
|
Batting: LHB Ricardo Perrez
|
0-0: Called Strike 0-1: Fly out, F8 (Flyball, 8LS, EV 81.3 MPH)
|
| Top of the 4th over - 0 runs, 0 hits, 1 error, 1 left on base; Auburn 4 - Summit 0 |
| BOTTOM OF THE 4TH |
|
Summit Red Dragons batting - Pitching for Auburn Red Stars : LHP Miguel Villalobos
|
|
Batting: SHB Mark T McLemore
|
0-0: Ball 1-0: Ball 2-0: Ball 3-0: Base on Balls
|
|
Batting: RHB Kash Beauchamp
|
0-0: Swinging Strike 0-1: Ball 1-1: Grounds into double play, 5-4-3 (Groundball, 56, EV 106.3 MPH)
|
|
Batting: RHB James Stassi
|
0-0: Ground out 5-3 (Groundball, 56, EV 81.9 MPH)
|
| Bottom of the 4th over - 0 runs, 0 hits, 0 errors, 0 left on base; Auburn 4 - Summit 0 |
| TOP OF THE 5TH |
|
Auburn Red Stars batting - Pitching for Summit Red Dragons : RHP Mike Murphy
|
|
Batting: RHB Alfredo Torres
|
0-0: Called Strike 0-1: Ground out 6-3 (Groundball, 6M, EV 103.1 MPH)
|
|
Batting: LHB John Stefero
|
0-0: Ball 1-0: Fly out, F3 (Popup, 3F, EV 77.5 MPH)
|
|
Batting: RHB Steve McQueen
|
0-0: Ground out 6-3 (Groundball, 6, EV 91.9 MPH)
|
| Top of the 5th over - 0 runs, 0 hits, 0 errors, 0 left on base; Auburn 4 - Summit 0 |
| BOTTOM OF THE 5TH |
|
Summit Red Dragons batting - Pitching for Auburn Red Stars : LHP Miguel Villalobos
|
|
Batting: RHB John Smith
|
0-0: Ball 1-0: Ground out 5-3 (Groundball, 56, EV 80.6 MPH)
|
|
Batting: RHB Colacito Sanchez
|
0-0: Ball 1-0: Ball 2-0: Ball 3-0: Base on Balls
|
|
Batting: LHB Brian McGan
|
0-0: Ball 1-0: Foul Ball, location: 2F 1-1: Swinging Strike 1-2: SINGLE (Groundball, 4MD, EV 107.5 MPH) Colacito Sanchez to second Runner from 2nd tries for 3rd, SAFE, throw by CF made to third
|
|
Batting: RHB Howard Nichols
|
0-0: Foul Ball, location: 2F 0-1: Foul Ball, location: 2F 0-2: Strikes out swinging
|
|
Batting: RHB Dana Williams
|
0-0: Called Strike 0-1: Ball 1-1: Foul Ball, location: 2F 1-2: Ball 2-2: Ground out 3-1 (Groundball, 23, EV 79.4 MPH)
|
| Bottom of the 5th over - 0 runs, 1 hit, 0 errors, 2 left on base; Auburn 4 - Summit 0 |
| TOP OF THE 6TH |
|
Auburn Red Stars batting - Pitching for Summit Red Dragons : RHP Mike Murphy
|
|
Batting: LHB Luis Roman
|
0-0: Ground out 6-3 (Groundball, 6, EV 80.0 MPH)
|
|
Batting: RHB William Chamberlain
|
0-0: Hit by Pitch
|
|
Batting: RHB Antonio Quevedo
|
0-0: Foul Ball, location: 2F 0-1: Fielders Choice at 2nd, 6-4 (Groundball, 56D, EV 103.8 MPH)
|
|
Batting: RHB Jose Rodriguez
|
0-0: Fly out, F8 (Flyball, 8LM, EV 76.9 MPH)
|
| Top of the 6th over - 0 runs, 0 hits, 0 errors, 1 left on base; Auburn 4 - Summit 0 |
| BOTTOM OF THE 6TH |
|
Summit Red Dragons batting - Pitching for Auburn Red Stars : LHP Miguel Villalobos
|
|
Batting: RHB Kenneth Gordon
|
0-0: Ball 1-0: Ball 2-0: Ground out 1-3 (Groundball, 34S, EV 65.0 MPH)
|
|
Batting: SHB Mark T McLemore
|
0-0: SINGLE (Line Drive, 89S, EV 106.3 MPH)
|
|
Batting: RHB Kash Beauchamp
|
0-0: Swinging Strike 0-1: Called Strike 0-2: Foul Ball, location: 2F 0-2: SINGLE (Groundball, 56D, EV 95.6 MPH) Mark T McLemore to second
|
|
Batting: RHB James Stassi
|
0-0: Called Strike 0-1: Swinging Strike 0-2: Ball 1-2: Ball 2-2: Ball 3-2: Foul Ball, location: 2F 3-2: Foul Ball, location: 2F 3-2: Foul Ball, location: 2F 3-2: Fly out, F9 (Flyball, 9S, EV 93.1 MPH)
|
|
Batting: RHB John Smith
|
0-0: Called Strike 0-1: Swinging Strike 0-2: Ball 1-2: Foul Ball, location: 2F 1-2: Foul Ball, location: 2F 1-2: Fly out, F9 (Flyball, 9, EV 86.9 MPH)
|
| Bottom of the 6th over - 0 runs, 2 hits, 0 errors, 2 left on base; Auburn 4 - Summit 0 |
| TOP OF THE 7TH |
|
Auburn Red Stars batting - Pitching for Summit Red Dragons : RHP Mike Murphy
|
|
Batting: RHB Clemente Acuna
|
0-0: Called Strike 0-1: Ball 1-1: DOUBLE (Groundball, 5L, EV 105.6 MPH)
|
|
Batting: LHB Ricardo Perrez
|
0-0: Reached on error, E8 (Flyball, 89D, EV 92.5 MPH) Clemente Acuna scores
|
|
Batting: RHB Alfredo Torres
|
0-0: Ball 1-0: Foul Ball, location: 2F 1-1: Foul Ball, location: 2F 1-2: Strikes out swinging
|
|
Batting: LHB John Stefero
|
0-0: Ball 1-0: Ball 2-0: Fly out, F8 (Flyball, 89D, EV 95.0 MPH)
|
|
Batting: RHB Steve McQueen
|
0-0: Called Strike 0-1: Foul Ball, location: 2F 0-2: Foul Ball, location: 2F 0-2: Ball 1-2: Foul Ball, location: 2F 1-2: Ground out 5-3 (Groundball, 56, EV 83.1 MPH)
|
| Top of the 7th over - 1 run, 1 hit, 1 error, 1 left on base; Auburn 5 - Summit 0 |
| BOTTOM OF THE 7TH |
|
Summit Red Dragons batting - Pitching for Auburn Red Stars : LHP Miguel Villalobos
|
|
Batting: RHB Colacito Sanchez
|
0-0: Foul Ball, location: 2F 0-1: Ball 1-1: Fly out, F4 (Flyball, 4D, EV 93.8 MPH)
|
|
Batting: LHB Brian McGan
|
0-0: Ball 1-0: Ball 2-0: Ball 3-0: Called Strike 3-1: Called Strike 3-2: Ground out 6-3 (Groundball, 6M, EV 86.3 MPH)
|
|
Batting: RHB Howard Nichols
|
0-0: Called Strike 0-1: Swinging Strike 0-2: Strikes out looking
|
| Bottom of the 7th over - 0 runs, 0 hits, 0 errors, 0 left on base; Auburn 5 - Summit 0 |
| TOP OF THE 8TH |
|
Auburn Red Stars batting - Pitching for Summit Red Dragons : RHP Mike Murphy
|
|
Pitching: RHP John White
|
|
|
Batting: LHB Luis Roman
|
0-0: Called Strike 0-1: Foul Ball, location: 2F 0-2: DOUBLE (Line Drive, 9LS, EV 98.8 MPH)
|
|
Batting: RHB William Chamberlain
|
0-0: Called Strike 0-1: Ball 1-1: Ball 2-1: Ball 3-1: Base on Balls
|
|
Batting: RHB Antonio Quevedo
|
0-0: Bunt missed! 0-1: Sac Bunt to 5S - play at first, batter OUT! 5-4 Luis Roman to third William Chamberlain to second
|
|
Batting: RHB Jose Rodriguez
|
0-0: Called Strike 0-1: Foul Ball, location: 2F 0-2: Ball 1-2: Foul Ball, location: 2F 1-2: Ball 2-2: Ball 3-2: Ground out 4-3 (Groundball, 4, EV 107.5 MPH) Luis Roman scores William Chamberlain to third
|
|
Batting: RHB Clemente Acuna
|
0-0: Ball 1-0: Called Strike 1-1: Called Strike 1-2: Strikes out swinging
|
| Top of the 8th over - 1 run, 1 hit, 0 errors, 1 left on base; Auburn 6 - Summit 0 |
| BOTTOM OF THE 8TH |
|
Summit Red Dragons batting - Pitching for Auburn Red Stars : LHP Miguel Villalobos
|
|
Batting: RHB Dana Williams
|
0-0: Ground out 5-3 (Groundball, 56S, EV 85.0 MPH)
|
|
Batting: RHB Kenneth Gordon
|
0-0: Ground out 4-3 (Groundball, 4, EV 98.8 MPH)
|
|
Batting: SHB Mark T McLemore
|
0-0: Ball 1-0: Ball 2-0: Ball 3-0: Base on Balls
|
|
Pitching: RHP Ruben Santana
|
|
|
Batting: RHB Kash Beauchamp
|
0-0: Called Strike 0-1: Foul Ball, location: 2F 0-2: DOUBLE (Line Drive, 9LS, EV 104.4 MPH) Mark T McLemore to third Runner from 3rd tries for Home, SAFE, throw by RF to home
|
|
Batting: RHB James Stassi
|
0-0: Called Strike 0-1: Ball 1-1: Called Strike 1-2: Ball 2-2: Ball 3-2: SINGLE (Line Drive, 5D, EV 100.0 MPH) Kash Beauchamp to third Kash Beauchamp scores
|
|
Batting: RHB John Smith
|
0-0: Called Strike 0-1: Foul Ball, location: 2F 0-2: Strikes out swinging
|
| Bottom of the 8th over - 2 runs, 2 hits, 0 errors, 1 left on base; Auburn 6 - Summit 2 |
| TOP OF THE 9TH |
|
Auburn Red Stars batting - Pitching for Summit Red Dragons : RHP John White
|
|
Batting: LHB Ricardo Perrez
|
0-0: Ball 1-0: Ball 2-0: Ball 3-0: Called Strike 3-1: Foul Ball, location: 2F 3-2: Ground out 1-3 (Groundball, 34S, EV 73.1 MPH)
|
|
Batting: RHB Alfredo Torres
|
0-0: Foul Ball, location: 2F 0-1: SOLO HOME RUN (Flyball, 7D, EV 87.5 MPH), Distance : 367 ft
|
|
Batting: LHB John Stefero
|
0-0: Called Strike 0-1: Called Strike 0-2: Foul Ball, location: 2F 0-2: Ball 1-2: Ball 2-2: Ball 3-2: Foul Ball, location: 2F 3-2: SOLO HOME RUN (Flyball, 9LD, EV 107.5 MPH), Distance : 353 ft
|
|
Batting: RHB Steve McQueen
|
0-0: Called Strike 0-1: Foul Ball, location: 2F 0-2: Ball 1-2: Foul Ball, location: 2F 1-2: Ball 2-2: Foul Ball, location: 2F 2-2: Foul Ball, location: 2F 2-2: Ball 3-2: Fly out, F5 (Flyball, 56D, EV 71.3 MPH)
|
|
Batting: LHB Luis Roman
|
0-0: Ball 1-0: Ball 2-0: Ground out U3 (Groundball, 34, EV 94.4 MPH)
|
| Top of the 9th over - 2 runs, 2 hits, 0 errors, 0 left on base; Auburn 8 - Summit 2 |
| BOTTOM OF THE 9TH |
|
Summit Red Dragons batting - Pitching for Auburn Red Stars : RHP Ruben Santana
|
|
Batting: RHB Colacito Sanchez
|
0-0: Ball 1-0: Ground out 6-3 (Groundball, P, EV 91.9 MPH)
|
|
Batting: LHB Brian McGan
|
0-0: Ball 1-0: Called Strike 1-1: Foul Ball, location: 2F 1-2: Ground out 4-3 (Groundball, 4, EV 106.9 MPH)
|
|
Batting: RHB Howard Nichols
|
0-0: Ball 1-0: SINGLE (Line Drive, 78S, EV 90.0 MPH)
|
|
Batting: RHB Dana Williams
|
0-0: Called Strike 0-1: Ball 1-1: SINGLE (Line Drive, 78M, EV 106.9 MPH) Howard Nichols to second
|
|
Batting: RHB Kenneth Gordon
|
0-0: Ball 1-0: Fly out, F8 (Flyball, 8RD, EV 83.1 MPH)
|
| Bottom of the 9th over - 0 runs, 2 hits, 0 errors, 2 left on base; Auburn 8 - Summit 2 |
|